 Dungeon Crawl Stone Soup version 0.31-a0-865-g3d5d91748a (webtiles) character file.

Game seed: 9691348696336212181

385 IdlyInterested the Caller (level 6, -1/72 HPs)
             Began as a Demonspawn Wanderer on Oct 10, 2023.
             Slain by Pikel
             ... wielding a +1 whip of freezing
              (2 damage)
             ... on level 4 of the Dungeon.
             The game lasted 00:15:53 (2968 turns).

IdlyInterested the Caller (Demonspawn Wanderer)     Turns: 2968, Time: 00:15:54

Health: -1/72      AC: 11    Str: 19    XL:     6   Next: 48%
Magic:  8/9        EV: 12    Int: 19    God:
Gold:   192        SH:  0    Dex: 14    Spells: 4/9 levels left

rFire   . . .        a - +0 falchion (protect)
rCold   . . .        (no shield)
rNeg    . . .        x - +0 robe
rPois   .            t - +2 hat
rElec   .            (no cloak)
rCorr   .            (no gloves)
SInv    .            (no boots)
Will    .....        (no amulet) Stlth
                     f - +6 ring of strength
HPRegen 0.32/turn    g - +6 ring of intelligence
MPRegen 0.11/turn

%: no passive effects
@: berserking, under a protective aura, very quick
A: powered by pain 1, spiny 2, demonic touch 1
a: no special abilities


You were on level 4 of the Dungeon.
You visited 1 branch of the dungeon, and saw 4 of its levels.

You collected 192 gold pieces.

Inventory:

Hand Weapons
 a - a +0 falchion of protection (weapon)
 h - a +0 quarterstaff
 q - a +0 dagger
 A - a +0 trident
 B - a +0 short sword
 E - a +0 falchion
 G - a +0 rapier
Missiles
 p - 26 stones
Armour
 d - a +0 leather armour
 s - an orb of guile
 t - a +2 hat (worn)
 u - a +0 chain mail
 v - a +0 ring mail
 x - a +0 robe (worn)
 F - a +0 scale mail
Jewellery
 f - a +6 ring of strength (left hand)
 g - a +6 ring of intelligence (right hand)
Wands
 b - a wand of polymorph (2)
 D - a wand of roots (12)
Scrolls
 i - 2 scrolls of amnesia {unknown}
 j - a scroll of identify {unknown}
 o - 4 scrolls of teleportation
 r - a scroll of immolation {unknown}
 w - 3 scrolls of brand weapon
 y - a scroll of fog {unknown}
 z - a scroll of poison {unknown}
Potions
 e - a potion of brilliance {unknown}
 k - 3 potions of curing
 l - a potion of ambrosia {unknown}
 m - a potion of degeneration {unknown}
 n - a potion of enlightenment {unknown}
 C - a potion of might {unknown}


   Skills:
 - Level 4.1 Fighting
 * Level 2.2 Long Blades
 - Level 1.0 Throwing
 - Level 1.0 Armour
 + Level 1.5 Dodging
 - Level 1.0 Stealth
 - Level 2.0 Spellcasting
 + Level 5.1 Summonings
 - Level 2.0 Evocations


You had 4 spell levels left.
You knew the following spells:

 Your Spells              Type           Power      Damage    Failure   Level
a - Summon Small Mammal   Summ           84%        N/A       1%          1
b - Summon Ice Beast      Ice/Summ       11%        N/A       52%         4

Your spell library contained the following spells:

 Spells                   Type           Power      Damage    Failure   Level
 Freeze                   Ice            4%         1d3       17%         1
 Cigotuvi's Dreadful Rot  Necr/Pois/Air  2%         N/A       26%         2
 Frozen Ramparts          Ice            2%         1d1       45%         3
 Hailstorm                Conj/Ice       1%         3d3       45%         3
 Summon Lightning Spire   Summ/Air       11%        N/A       52%         4
 Dispel Undead            Necr           1%         3d6       86%         4
 Death Channel            Necr           0%         N/A       100%        6


Dungeon Overview and Level Annotations

Branches:
Dungeon (4/15)
 Temple: D:4-7

Altars:
Dithmenos
Gozag
Yredelemnul

Annotations:
D:4 Pikel


Innate Abilities, Weirdness & Mutations

You sometimes gain a little power by taking damage.
You are mostly covered in sharp spines.
Your touch may inflict minor irresistible damage on your foes.


Message History

The lemure is struck by your spines. The lemure misses you.
Your bat completely misses the lemure.
The lemure attacks as it pursues you! The lemure hits you.
The lemure is struck by your spines. The lemure hits you but does no damage.
Casting: Summon Small Mammal (safe; 1% risk of failure)
Press: ? - help, Q - select action, (/) - cycle Dir - look around, f - activate Your bat closely misses Pikel.
Your bat barely misses Pikel.
Pikel closely misses you. Something barely misses your bat.
The lemure hits your bat!
Your bat dies!
Your bat's corpse disappears in a puff of smoke!
The lemure is struck by your spines. The lemure hits you!
Pikel is struck by your spines.
Pikel hits you with a +1 whip of freezing!
* * * LOW HITPOINT WARNING * * *
Pikel freezes you.
* * * LOW HITPOINT WARNING * * *
Your rat bites the lemure but does no damage.
A red film seems to cover your vision as you go berserk!
You feel yourself moving faster!
You feel mighty!
Pikel hits you with a +1 whip of freezing!
* * * LOW HITPOINT WARNING * * *
Pikel freezes you.
* * * LOW HITPOINT WARNING * * *
The lemure is struck by your spines. The lemure hits you but does no damage.
Your rat closely misses the lemure.
You slash Pikel!
Your weapon exudes an aura of protection.
Pikel is moderately wounded.
Pikel barely misses you.
You barely miss Pikel.
Pikel is moderately wounded.
The lemure hits you.
* * * LOW HITPOINT WARNING * * *
Your rat barely misses the lemure.
A lemure comes into view.
The lemure barely misses you. Pikel is struck by your spines.
Pikel hits you with a +1 whip of freezing.
You die...
Pikel says, "Another soul for the market."

.....)..#######
..###..##[.#.....
.#............#
########.##.### #.. .# #
##..##).### #5# #.#
#..###....# #.# ... #.##
###..####5#...# ##.##
#...55..#... ##..#.#
##..@K#...
##..##.#####..#5#b#
###..###.##......r..####.#>
....####.##.###[...†.).....
.#.......#..# #.....#####..
.#..###..#.## #<###.#
.#..###....####.# ..#
##..##..........# .##
#..##.............


You could see Pikel, 4 lemures and a friendly rat (summoned).

Vanquished Creatures
  Duvessa (D:4)
  Dowan (D:4)
  2 hounds (D:4)
  Jessica (D:2)
  Terence (D:3)
  2 adders
  A worm (D:2)
  2 dart slugs
  5 orcs (D:3)
  7 ball pythons
  An endoplasm (D:2)
  A giant cockroach (D:1)
  3 goblins
  8 hobgoblins
  7 jackals
  2 kobolds
  A quokka (D:1)
  3 bats
  3 frilled lizards (D:1)
  A rat (D:3)
53 creatures vanquished.

Vanquished Creatures (collateral kills)
  An adder (D:2)
  A worm (D:2)
  A dart slug (D:1)
  3 orcs
  A ball python (D:1)
  2 endoplasms
  2 giant cockroaches
  2 goblins
  3 jackals
  2 bats
  A kobold (D:4)
  5 rats
24 creatures vanquished.

Grand Total: 77 creatures vanquished

Notes
Turn   | Place    | Note
-------+----------+-------------------------------------------
     0 | D:1      | IdlyInterested the Demonspawn Wanderer began the quest for
                  | the Orb.
     0 | D:1      | IdlyInterested set off with the following items: a +0
                  | falchion, a wand of polymorph (3), a potion of berserk
                  | rage, a +0 leather armour; and the following spell
                  | memorised: Summon Small Mammal; and the following spells
                  | available to memorise: Summon Ice Beast, Summon Lightning
                  | Spire.
     0 | D:1      | Reached XP level 1. HP: 13/13 MP: 2/2
    66 | D:1      | Reached skill level 1 in Fighting
   154 | D:1      | Gained mutation: You sometimes gain a little power by
                  | taking damage. [demonic ancestry]
   154 | D:1      | Reached XP level 2. HP: 21/21 MP: 0/3
   392 | D:1      | Reached skill level 1 in Dodging
   963 | D:2      | HP: 1/22 [adder (2)]
   966 | D:2      | Gained mutation: Your touch may inflict minor irresistible
                  | damage on your foes. [demonic ancestry]
   966 | D:2      | Reached XP level 3. HP: 2/27 MP: 4/4
  1116 | D:2      | Found a basalt altar of Yredelemnul.
  1296 | D:2      | Noticed Jessica
  1305 | D:2      | Killed Jessica
  1306 | D:2      | Reached skill level 1 in Stealth
  1467 | D:2      | Reached XP level 4. HP: 33/35 MP: 2/5
  2211 | D:3      | Found a shadowy altar of Dithmenos.
  2214 | D:3      | Reached skill level 1 in Throwing
  2627 | D:3      | Noticed Terence
  2649 | D:3      | Killed Terence
  2650 | D:3      | Gained mutation: You are partially covered in sharp spines.
                  | [demonic ancestry]
  2650 | D:3      | Reached XP level 5. HP: 36/42 MP: 2/6
  2692 | D:3      | Found an opulent altar of Gozag.
  2733 | D:4      | Noticed Duvessa
  2734 | D:4      | Noticed Dowan
  2752 | D:4      | Killed Duvessa
  2767 | D:4      | Killed Dowan
  2768 | D:4      | Reached skill level 5 in Summonings
  2768 | D:4      | Gained mutation: You are mostly covered in sharp spines.
                  | [demonic ancestry]
  2768 | D:4      | Reached XP level 6. HP: 29/48 MP: 4/9
  2776 | D:4      | Learned a level 4 spell: Summon Ice Beast
  2957 | D:4      | Noticed Pikel
  2968 | D:4      | HP: 1/72 [lemure[Pikel] (4)]
  2968 | D:4      | Slain by Pikel

Illustrated notes

Levels and vault maps discovered:
D:1:      heliophobic_arrival_enchanted_forest, layout_loops_ring
D:2:      layout_rooms, basic_altar, minmay_misc_feat_five,
          kennysheep_generic_room_9, uniq_jessica
D:3:      layout_rooms, grunt_dithmenos_smoke_and_mirrors,
          pdpol_temple_overflow_zin_treasury_gozag_greed, grunt_ministairs_13,
          minmay_goblin_outpost, uniq_terence
D:4:      layout_rooms, kennysheep_okawaru_gauntlet, serial_shops, shop,
          hangedman_abyss_or_decor_stagger, uniq_pikel, uniq_duvessa

Skill      XL: |  1  2  3  4  5  6 |
---------------+-------------------+-----
Fighting       | 1 2 3 4 |  4.1
Dodging        | 1 |  1.5
Stealth        | 1 |  1.0
Throwing       | 1 |  1.0
Spellcasting   | 2 |  2.0
Summonings     | 5 |  5.1
Long Blades    | 2 |  2.2
Armour         | |  1.0
Evocations     | |  2.0

Action                     |  1- 3 |  4- 6 || total
---------------------------+-------+-------++-------
  Melee: Falchion          |    27 |   104 ||   131
         Quarterstaff      |    40 |       ||    40
         Touch             |     3 |    14 ||    17
         Trident           |       |     1 ||     1
  Throw: Stone             |       |     4 ||     4
   Cast: Summon Small Mamm |    24 |    45 ||    69
  Evoke: Wand              |       |     2 ||     2
    Use: Scroll            |     1 |     1 ||     2
         Potion            |       |     2 ||     2
   Stab: Sleeping          |     2 |       ||     2
         Distracted        |       |     1 ||     1
 Armour: Leather armour    |     6 |     7 ||    13
         Robe              |    33 |    28 ||    61
         Ring mail         |       |    47 ||    47
  Dodge: Dodged            |    38 |    52 ||    90

Table legend: (Time is in decaauts)
 A = Elapsed time spent in this place.
 B = Non-inter-level travel time spent in this place.
 C = Inter-level travel time spent in this place.
 D = Time resting spent in this place.
 E = Time spent auto-exploring this place.
 F = Levels seen in this place.
 G = Mean time per level.
                   A        B        C        D        E       F      G
               +--------+--------+--------+--------+--------+-----+--------+
         Total |   3006 |   2759 |    247 |    384 |   1391 |   4 |  751.5 |
       Dungeon |   3006 |   2759 |    247 |    384 |   1391 |   4 |  751.5 |
               +--------+--------+--------+--------+--------+-----+--------+

Top non-repeatable levels by time:
     D:1: 1104 daAuts
     D:2: 974 daAuts
     D:3: 684 daAuts
     D:4: 242 daAuts
